← All builds
Tech / Armada / Economy first / OBSERVED BUILD

Sharpshooter snipers

Armada Tech (Eco) build order · Supreme Isthmus

Standard T2 rush into an early Sharpshooter-led sniper bot push around 8:10-8:38, pairing T2 constructor support for Geo with sniper bots fighting at the middle rather than just economy scaling.

Usually first T2 con to Geo (81%)

#t2 #raid · 99 distinct matches · 51 players · 3% of Armada Tech games · team won 27% of 100 · Recently observed

THE CATCH, AND WHAT COMES WITH IT
  • SharpshooterT2 bot snipers from 8:11 · 6% of role by thenFrom the Advanced Bot Lab. Only 6% of Tech games have it by then; others who build it get it around 9:07

Where those units first fight, in 98 games with kill data: in the middle 55%, on their own side 45%.

Those units destroy a typical 1,393 metal of enemy units by 15:00.

Then transitions into anti-nuke (13% of army).

HOW TO PLAY IT

Key timing: Sharpshooter out by 9:04

  1. Open standard T2 rush with Bot Lab first.
  2. Finish Advanced Bot Lab on the normal T2 timing.
  3. Upgrade mex as usual while eco scales.
  4. Push Sharpshooter snipers from Advanced Bot Lab to fight forward in middle.
  5. Keep producing T2 cons and anti-nuke for the team.

Phase by phase

TYPICAL OF ITS 99 GAMES · AGAINST STANDARD TECH
  1. 1
  2. 2
  3. 3
  4. 4
  5. 5
PLAY THE OPENING

Follow the example game's first 9:11 step by step: what to build now, what comes next, and where it goes. At 1× it keeps pace with your own game.

  1. 1

    Up to the Bot Lab

    Economy
    • Metal Extractor3Mex
    • Wind Turbine4Wind
    Order
    1. Bot LabBot Lab after 3 mex, 4 winddone ~1:17, middle half 1:13–1:38

    Some games also: energy storage (37%)

    By 1:00 in all: 3 mex · 4 wind

    The example game in this phase · 5 steps
    1. Mex ×3
    2. Wind ×5
    3. Energy storage
    4. Wind ×3
    5. Bot LabBot Labdone 1:58 · typical 1:17
  2. 2

    Bot Lab to Advanced Bot Lab

    Economy
    • Metal Extractor1Mex
    • Wind Turbine9Wind
    • Energy Storage1Energy storage
    Order
    1. Advanced Bot LabAdvanced Bot Lab after 4 mex, 13 wind, 3 con turretdone ~4:18, middle half 4:08–4:33
    Builders
    • Construction Turret3 Con turret
    • Lazarus3 Lazarus
    • Construction Bot2 Con bot
    • Construction Bot1 Con bot for allies

    Some games also: converter (43%)

    By 3:22 in all: 4 mex · 13 wind · 1 energy storage · 3 con turret

    The example game in this phase · 9 steps
    1. Construction BotCon bot ×2
    2. Con turret
    3. LazarusLazarus
    4. Con turret
    5. LazarusLazarus
    6. Mex
    7. Con turret
    8. Wind
    9. Advanced Bot LabAdvanced Bot Labdone 3:53 · typical 4:18
  3. 3

    Advanced Bot Lab to 5:00

    Economy
    • Wind Turbine1Wind−2 vs standard
    Order
    1. Bot LabEat Bot Lab
    Builders
    • Advanced Construction Bot1 T2 con bot for allies

    Some games also: converter (43%)

    By 5:00 in all: 4 mex · 15 wind · 2 converter · 1 energy storage · 3 con turret

    The example game in this phase · 8 steps
    1. Wind
    2. Bot LabEat Bot Labreclaimed for its metal
    3. Wind ×2
    4. Advanced Construction BotT2 con botfor Geo
    5. Wind
    6. Advanced Metal ExtractorT2 mex ×2done 4:33 · typical 5:17
    7. Wind ×2
    8. Advanced Construction BotT2 con botfor Air
  4. 4

    5:00 to T2 bot snipers

    Economy
    • Wind Turbine16Wind+5 vs standard
    • Energy Converter1Converter
    Order
    1. SharpshooterT2 bot snipers after 4 mex, 32 wind, 5 converterdone ~8:39, middle half 7:41–9:48
    Builders
    • Butler4 Butler
    • Advanced Construction Bot3 T2 con bot for allies

    Some games also: T2 con bot (36%)

    By 8:10 in all: 4 mex · 32 wind · 5 converter (standard 3) · 1 energy storage · 3 con turret

    The example game in this phase · 36 steps
    1. Wind ×4
    2. Advanced Metal ExtractorT2 mex
    3. Converter
    4. ButlerButler
    5. Wind
    6. Converter ×2
    7. Wind
    8. Converter ×2
    9. ButlerButler
    10. Advanced Metal ExtractorT2 mex
    11. Converter ×2
    12. Wind
    13. ButlerButler
    14. Wind
    15. Advanced Construction BotT2 con botfor Pond
    16. Wind ×2
    17. Advanced solar
    18. Wind ×3
    19. Advanced solar
    20. Wind ×4
    21. Advanced solar
    22. Wind
    23. Advanced Construction BotT2 con botfor Geo sea
    24. Wind ×3
    25. Advanced solar
    26. Wind
    27. Advanced Construction BotT2 con botfor Beach sea
    28. Wind ×4
    29. ButlerButler
    30. Wind ×2
    31. Advanced Construction BotT2 con bot
    32. Wind ×5
    33. T2 converter
    34. Advanced Construction BotT2 con bot
    35. Wind ×6
    36. SharpshooterSniper botdone 9:17 · typical 8:39
  5. 5

    T2 bot snipers to 10:00

    Economy
    • Wind Turbine19Wind−11 vs standard
    Army
    • Sharpshooter1 Sniper bot

    Some games also: converter (48%) · Butler (45%) · T2 con bot for allies (42%)

    The standard build makes here, this one skips: 4 converter · 5 Butler

    By 10:00 in all: 4 mex · 54 wind · 8 converter · 1 energy storage · 3 con turret

    The example game in this phase · 60 steps
    1. Wind ×14
    2. SharpshooterSniper bot
    3. Wind ×8
    4. SharpshooterSniper bot
    5. Wind ×4
    6. SmugglerJammer bot
    7. Wind ×8
    8. SharpshooterSniper botfor Suicide front
    9. Wind ×8
    10. SharpshooterSniper botfor Suicide front
    11. Wind ×5
    12. CitadelAnti-nukedone 12:22
    13. Wind ×18
    14. Con turret
    15. Wind ×3
    16. Con turret
    17. Wind ×2
    18. Con turret
    19. Wind ×2
    20. Con turret
    21. T2 converter
    22. Wind
    23. Con turret
    24. Wind ×5
    25. TracerTracer
    26. ButlerButler
    27. Wind ×3
    28. ButlerButler
    29. Wind ×3
    30. Con turret
    31. Wind
    32. Con turret
    33. Wind ×3
    34. Hardened Energy Storagefor Suicide front
    35. ButlerButler
    36. Wind ×3
    37. ButlerButler
    38. Wind ×7
    39. ButlerButler
    40. Wind ×2
    41. ButlerButler
    42. Wind ×10
    43. Converter
    44. Wind ×7
    45. T2 converter
    46. Metal storage
    47. Wind ×3
    48. Converter
    49. Wind ×13
    50. Converter
    51. Wind
    52. Advanced Bot LabEat Advanced Bot Labreclaimed for its metal
    53. Wind ×7
    54. Advanced Fusion ReactorAdvanced Fusion Reactornot finished by 15:00
    55. Con turret
    56. Wind ×2
    57. Converter ×2
    58. Wind ×2
    59. Con turret
    60. Wind ×4

Counts are medians over the build's games: half of them build more, half fewer. The example game is Sdragona's (35 OS, 29/09/2026); pick another.

Team trades

IN AT LEAST 30% OF ITS GAMES

You hand over

  • Construction Bot1 Con bot to Airfirst at 2:24 · in 89% of games
  • Advanced Construction Bot5 T2 con bot to Geo sea or Air or Pondfirst at 4:59 · in 100% of games
  • Butler2 Butler to Geo sea or Beach seafirst at 10:30 · in 36% of games

You get

  • Hercules2 Light transport from Airfirst at 4:04 · in 88% of games

How it plays out

Typical game of this build against the role’s standard build, running totals by minute

  • This build
  • Standard tech

Metal produced

020k40k
0:005:0010:0015:00

metal

Enemy metal destroyed

01k2k3k
0:005:0010:0015:00

metal

Own metal lost

05001k
0:005:0010:0015:00

metal

100 games.

Show as table
ByMetal produced: This buildMetal produced: Standard techEnemy metal destroyed: This buildEnemy metal destroyed: Standard techOwn metal lost: This buildOwn metal lost: Standard tech
1:003833830000
2:009139150000
3:00160416510000
4:00309831440000
5:00487048470000
6:00595658000000
7:00752072270000
8:00930690610000
9:0011455111730000
10:001380213503179000
11:0016263162426490690
12:001900819656101401300
13:002228123445151203280
14:0026270273621782068073
15:003009231542248185910130
WHAT THE NUMBERS SAY

Won far less often than the standard build, losing a lot more metal for only a modest gain in enemy metal destroyed.

  • + Enemy metal destroyed by 15:00 well above standard (2598 vs 262).
  • − Team win rate collapses to 21% vs standard's 53%.
  • − Own metal lost by 15:00 far exceeds standard (1360 vs 196).
THE EXAMPLE YOU ARE READING

Sdragona

34.8 OS · 29/09/2026

Open source match ↗

5 received units
1627 metal received · 43984 energy received

Allied construction assistance is unknown. Timings are observations, not a promise of solo reproducibility.

Typical milestones

Bot Lab1:17Middle 50%: 1:13–1:38 · n=100
Advanced Bot Lab4:18Middle 50%: 4:08–4:33 · n=100
Advanced Metal Extractor5:17Middle 50%: 4:57–5:41 · n=100
Sharpshooter8:39Middle 50%: 7:41–9:48 · n=100

Played most by

Amrissa15games of this buildDRM6games of this buildTheGeneraI5games of this buildenderOS14games of this buildKontraption4games of this build